 Dungeon Crawl Stone Soup version 0.30-a0-1006-g5d778dfbfc (webtiles) character file.

Game seed: 7427832145021601251

7984 Arcadio the Unseen (level 11, -5/89 HPs)
             Began as a Vampire Brigand on Apr 5, 2023.
             Was a Believer of Dithmenos.
             Killed from afar by an orc sorcerer (35 damage)
             ... with a bolt of fire
             ... on level 2 of the Orcish Mines.
             The game lasted 00:53:56 (11703 turns).

Arcadio the Unseen (Vampire Brigand)               Turns: 11703, Time: 00:53:56

Health: -5/89      AC:  7    Str: 15    XL:     11   Next: 3%
Magic:  11/11      EV: 12    Int: 13    God:    Dithmenos [**....]
Gold:   1412       SH:  5    Dex: 29    Spells: 10/10 levels left

rFire   . . .      SeeInvis +    b - +8 rapier "Lairad" {freeze, rN+ Str+3 Dex-2}
rCold   . . .      Faith    .    (no shield)
rNeg    + . .      Spirit   .    C - +0 robe
rPois   .          Reflect  +    (no helmet)
rElec   +          Rampage  .    V - +2 cloak
rCorr   .                        O - +0 pair of gloves
Will    +....                    A - +0 pair of boots
Stlth   +++++++++                u - amulet of reflection
HPRegen 0.54/turn                v - ring of the Establishment {rElec Str+2 Int-2 Dex+6}
MPRegen 0.12/turn                y - +6 ring of dexterity

@: healing quickly, wreathed by umbra, invisible
A: alive, fangs 3, see invisible, vampiric 2
a: Exsanguinate, Renounce Religion, Shadow Step


You were on level 2 of the Orcish Mines.
You worshipped Dithmenos.
Dithmenos was pleased with you.
You visited 4 branches of the dungeon, and saw 13 of its levels.
You also visited: Sewer.

You collected 1860 gold pieces.
You spent 448 gold pieces at shops.

Inventory:

Hand Weapons
 a - a +6 dagger of venom
 b - the +8 rapier "Lairad" (weapon) {freeze, rN+ Str+3 Dex-2}
   (You acquired it on level 5 of the Dungeon)

   Str:       It affects your strength (+3).
   Dex:       It affects your dexterity (-2).
   rN:        It protects you from negative energy.
 L - a +1 war axe of flaming
 Y - a +2 whip of electrocution
Missiles
 d - 47 poisoned darts (quivered)
 e - 6 curare-tipped darts
 B - a throwing net
Armour
 A - a +0 pair of boots (worn)
 C - a +0 robe (worn)
 O - a +0 pair of gloves (worn)
 V - a +2 cloak (worn)
Jewellery
 u - an amulet of reflection (around neck)
 v - the ring of the Establishment (left hand) {rElec Str+2 Int-2 Dex+6}
   (You found it on level 3 of the Dungeon)

   [ring of dexterity]

   Str:       It affects your strength (+2).
   Int:       It affects your intelligence (-2).
   Dex:       It affects your dexterity (+6).
   rElec:     It insulates you from electricity.
 y - a +6 ring of dexterity (right hand)
Wands
 t - a wand of mindburst (16)
 P - a wand of quicksilver (8)
 W - a wand of flame (26)
Scrolls
 o - 3 scrolls of poison {unknown}
 q - a scroll of vulnerability {unknown}
 w - 3 scrolls of enchant armour
 x - a scroll of magic mapping {unknown}
 z - 5 scrolls of teleportation
 D - 2 scrolls of immolation {unknown}
 I - a scroll of butterflies {unknown}
 J - 2 scrolls of blinking
 N - a scroll of fog {unknown}
 R - 2 scrolls of identify
 T - a scroll of amnesia {unknown}
Potions
 g - 3 potions of flight
 h - 6 potions of might
 j - 3 potions of brilliance
 l - 4 potions of heal wounds
 m - 3 potions of invisibility
 p - 2 potions of ambrosia
 r - 2 potions of berserk rage {unknown}
 s - 4 potions of magic
 E - 4 potions of resistance {unknown}
 G - 2 potions of degeneration {unknown}
 H - 3 potions of curing
 U - a potion of haste {unknown}
 X - 3 potions of lignification {unknown}


   Skills:
 + Level 9.3 Fighting
 + Level 11.1 Short Blades
 - Level 1.5 Throwing
 - Level 1.1 Dodging
 + Level 15.9 Stealth


You had 10 spell levels left.
You didn't know any spells.
Your spell library contained the following spells:

 Spells                   Type           Power      Damage    Failure   Level
 Scorch                   Fire           0%         2d5       43%         2
 Ignite Poison            Fire/Tmut/Pois 0%         N/A       67%         3
 Flame Wave               Conj/Fire      0%         2d4       97%         4
 Sticky Flame             Conj/Fire      0%         2d3       97%         4
 Summon Cactus Giant      Summ           0%         N/A       100%        6
 Ignition                 Fire           0%         3d3       100%        8


Dungeon Overview and Level Annotations

Branches:
Dungeon (9/15) Zot: 25312  Temple (1/1) D:6 Zot: 5678     Orc (2/2) D:9 Zot: 10929
    Elf (1/3) Orc:2 Zot: 5998   Sewer (visited)
   Lair: D:8-11

Altars:
Ashenzari
Cheibriados
Dithmenos
Fedhas
Gozag
Hepliaklqana
Kikubaaqudgha
Makhleb
Nemelex Xobeh
Okawaru
Qazlal
Ru
Sif Muna
Trog
Uskayaw
Vehumet
Wu Jian
Xom
Yredelemnul

Shops:
D:1 =


Innate Abilities, Weirdness & Mutations

Your natural rate of healing is accelerated.
You have razor-sharp teeth.
You have supernaturally acute eyesight. (SInv)
You are afflicted with vampirism and can become a bat while bloodless.


Message History

The orc priest looks braver for a moment.
The orc warrior hits you with a +0 halberd!
An orc knight comes into view. It is wielding a +0 war axe.
The orc wizard shouts!
You hear a shout!
The orc wizard points at you and mumbles some strange words.
The puff of flame hits you!
The orc warrior hits you with a +0 halberd.
The orc warrior misses you.
The orc priest calls down the wrath of Beogh upon you.
Beogh smites you!
The orc priest calls down the wrath of Beogh upon you.
Beogh smites you!
Things that are here:
a +0 dagger; an orc corpse An orc sorcerer comes into view.
It is wielding a +0 dagger and wearing a +1 robe of willpower.
The orc sorcerer gestures at you while chanting.
The bolt of fire hits you!!
* * * LOW HITPOINT WARNING * * *
You fade into invisibility!
The orc warrior closely misses you.
The orc sorcerer casts a spell.
You hear a shout!
Okay, then.
You feel much better.
An orc priest comes into view. It is wielding a +0 hand axe.
The orc warrior hits you from afar with a +0 halberd!
A troll comes into view.
The orc warrior unwields a +0 glaive.
The orc warrior wields a +0 arbalest.
The orc warrior shoots a bolt.
The orc sorcerer gestures at you while chanting.
The bolt of negative energy misses you.
The orc wizard shouts!
The orc sorcerer points at you and mumbles some strange words.
The bolt of fire hits the orc warrior!!
The orc warrior dies!
The bolt of fire hits the orc!!
The orc dies!
The bolt of fire hits you!!
You die...

....#.## ##.....# ##.........#
.o.8### ###....####...........
..oo# ###.##)...##........#...
o..o# #.....)..#.##....####...
..o.o #>...o......#.....###...
.o....######...o....#.......#....
........8..#....#...#............
.......o...#....#...###..........
......o)..).@....##..........
......T.....#.#.#####........
3...8......###### ##......##
..#####..### ##.......## . ####
##.......... ... ####...........
....# ##.###.....#.... ..o8
#...#......##... ....
##.)#.......##...


You could see a troll (unable to see you), 2 orc sorcerers and an orc warrior
(unable to see you).

Vanquished Creatures
  Pikel (D:9)
  An orc sorcerer (Orc:2)
  A troll (Orc:2)
  A hornet (D:9)
  Grinder (D:4)
  2 shadows (D:9)
  A yak (D:7)
  A wraith (D:9)
  A wyvern (D:9)
  A steam dragon (D:7)
  A warg (Orc:1)
  Menkaure (D:4)
  A water moccasin (D:5)
  3 sky beasts
  2 black bears
  2 ice beasts (D:6)
  10 orc warriors
  4 ogres
  A lemure (D:9)
  5 centaurs
  2 phantoms
  2 kobold brigands
  3 bullfrogs
  3 scorpions
  14 wights
  2 troll zombies (D:9)
  9 killer bees (D:9)
  2 hounds
  6 orc priests
  2 jellies
  Jessica (D:2)
  17 orc wizards
  4 ogre zombies (D:9)
  8 gnolls (D:5)
  6 adders
  3 river rats (Sewer)
  2 shadow imps
  A white imp (D:5)
  An ufetubus (D:6)
  4 worms
  4 dart slugs
  37 orcs
  15 ball pythons
  8 bats
  9 endoplasms
  3 giant cockroaches (D:2)
  7 hobgoblins
  4 quokkas
  A frilled lizard (Sewer)
  A goblin (D:1)
  5 goblin zombies (D:9)
  25 kobolds
  3 orc skeletons (D:9)
  11 orc zombies (D:9)
  21 rats
287 creatures vanquished.

Vanquished Creatures (others)
  An orc warrior (Orc:2)
  An orc (Orc:2)
  2 kobolds (D:7)
4 creatures vanquished.

Grand Total: 291 creatures vanquished

Notes
Turn   | Place    | Note
-------+----------+-------------------------------------------
     0 | D:1      | Arcadio the Vampire Brigand began the quest for the Orb.
     0 | D:1      | Reached XP level 1. HP: 16/16 MP: 1/1
   103 | D:1      | Reached skill level 6 in Stealth
   173 | D:1      | Reached XP level 2. HP: 22/22 MP: 2/2
   372 | D:1      | Found Fuuq's Jewellery Boutique.
   750 | D:2      | Noticed Jessica
   757 | D:2      | Killed Jessica
   758 | D:2      | Gained mutation: You are afflicted with vampirism and can
                  | become a bat while bloodless. [Vampire growth]
   758 | D:2      | Reached XP level 3. HP: 28/28 MP: 3/3
   862 | D:2      | Reached XP level 4. HP: 25/34 MP: 4/4
  1417 | D:3      | Reached skill level 7 in Stealth
  1728 | D:3      | Identified the ring of the Establishment {rElec Str+2 Int-2
                  | Dex+6}
  1735 | D:3      | Reached XP level 5. HP: 41/41 MP: 5/5
  1908 | D:4      | Identified 2 scrolls of acquirement
  1908 | D:4      | Acquired 883 gold pieces
  1922 | D:3      | Acquired an amulet of reflection
  1993 | D:1      | Bought a +6 ring of dexterity for 432 gold pieces
  2070 | D:4      | Noticed Menkaure
  2102 | D:4      | Killed Menkaure
  2103 | D:4      | Reached skill level 8 in Stealth
  2188 | D:4      | Noticed Grinder
  2627 | D:4      | Reached XP level 6. HP: 37/37 MP: 6/6
  2749 | D:4      | Killed Grinder
  2750 | D:4      | Reached skill level 5 in Short Blades
  2992 | D:5      | Entered Level 5 of the Dungeon
  3053 | D:5      | Reached XP level 7. HP: 43/43 MP: 7/7
  3087 | D:5      | Identified the +3 spear of Superiority {heavy, Dex+2}
  3098 | D:5      | Acquired the +8 rapier "Lairad" {freeze, rN+ Str+3 Dex-2}
  3176 | D:5      | Reached skill level 9 in Stealth
  3651 | D:5      | Found Cawkewni's CLEARANCE SALE!.
  3662 | D:5      | Bought a scroll of identify for 8 gold pieces
  3662 | D:5      | Bought a scroll of identify for 8 gold pieces
  4011 | D:6      | Found a glowing drain.
  4055 | Sewer    | Entered a sewer
  4107 | Sewer    | Reached skill level 5 in Fighting
  4119 | Sewer    | Reached skill level 10 in Stealth
  4367 | Sewer    | Reached XP level 8. HP: 46/49 MP: 8/8
  5023 | D:6      | Found a staircase to the Ecumenical Temple.
  5051 | Temple   | Entered the Ecumenical Temple
  5347 | Temple   | Became a worshipper of Dithmenos the Shadowed
  5833 | D:6      | Reached skill level 11 in Stealth
  5927 | D:6      | Found a blossoming altar of Fedhas.
  6682 | D:7      | Reached skill level 12 in Stealth
  6682 | D:7      | Reached XP level 9. HP: 56/56 MP: 9/9
  6802 | D:7      | Noticed a two-headed ogre
  7142 | D:7      | Reached * piety under Dithmenos
  7296 | D:7      | Reached skill level 13 in Stealth
  7719 | D:8      | Identified the +1 ring mail of Distant Worlds {+Inv rCorr
                  | Int-4 Stlth-}
  7798 | D:8      | Noticed a two-headed ogre
  8662 | D:8      | Reached XP level 10. HP: 53/60 MP: 10/10
  8858 | D:9      | Reached skill level 14 in Stealth
  9013 | D:9      | Noticed Pikel
  9021 | D:9      | Killed Pikel
  9030 | D:9      | Reached skill level 10 in Short Blades
  9113 | D:9      | Reached ** piety under Dithmenos
  9311 | D:9      | Found a staircase to the Orcish Mines.
  9543 | D:9      | Reached skill level 15 in Stealth
 10141 | D:9      | Noticed a two-headed ogre
 10586 | Orc:1    | Entered Level 1 of the Orcish Mines
 11031 | Orc:2    | Entered Level 2 of the Orcish Mines
 11137 | Orc:2    | Noticed an orc sorcerer
 11219 | Orc:2    | Noticed an orc knight
 11241 | Orc:2    | Killed an orc sorcerer
 11393 | Orc:2    | Reached XP level 11. HP: 88/89 MP: 11/11
 11481 | Orc:2    | Noticed an orc knight
 11485 | Orc:2    | Noticed an orc warlord
 11495 | Orc:2    | Found a staircase to the Elven Halls.
 11626 | Orc:2    | Noticed an orc sorcerer
 11632 | Elf:1    | Entered Level 1 of the Elven Halls
 11632 | Elf:1    | Noticed a deep elf knight
 11632 | Elf:1    | Noticed a deep elf archer
 11632 | Elf:1    | Noticed a deep elf archer
 11632 | Elf:1    | Noticed a deep elf demonologist
 11632 | Elf:1    | Noticed a deep elf zephyrmancer
 11658 | Orc:2    | Noticed an orc sorcerer
 11676 | Orc:2    | Noticed an orc knight
 11695 | Orc:2    | Noticed an orc sorcerer
 11698 | Orc:2    | Noticed a sun demon
 11703 | Orc:2    | Killed from afar by an orc sorcerer

Illustrated notes

Levels and vault maps discovered:
D:1:      dpeg_arrival_orchard, layout_basic, serial_shops, shop,
          amcnicky_mini_pool_small
D:2:      layout_loops_ring, st_stairs_11, uniq_jessica
D:3:      layout_basic
D:4:      layout_gridville, uniq_grinder, uniq_menkaure
D:5:      layout_basic, nicolae_shop_clearance
D:6:      minmay_flawed_box, layout_loops_corners, fedhas_altar_2,
          minmay_temple_entry_statues, cheibrodos_sewer_entry_drain
D:7:      layout_gridville, minmay_circle_x
D:8:      layout_loops_ring
D:9:      layout_loops_ring, zombieorc1_lemuel, uniq_pikel
Temple:   mainiacjoe_temple_hex_bubbles
Orc:1:    layout_diamond_mine
Orc:2:    grunt_orc_cross, layout_diamond_mine, nicolae_orc_lost_temple
Elf:1:    minmay_firetagon, layout_geoelf_grid, serial_sigils,
          serial_sigils_hangedman_scar, serial_sigils_hangedman_stare,
          serial_sigils_hangedman_clutch, serial_sigils_hangedman_writhe,
          kennysheep_underground_church

Skill      XL: |  1  2  3  4  5  6  7  8  9 10 |
---------------+-------------------------------+-----
Stealth        | 6 7 8 10 12 13 15 | 15.9
Fighting       | 2 3 4 5 6 7 9 |  9.3
Short Blades   | 3 4 5 6 7 9 11 | 11.1
Throwing       | |  1.5
Dodging        | |  1.1

Action                     |  1- 3 |  4- 6 |  7- 9 | 10-12 || total
---------------------------+-------+-------+-------+-------++-------
  Melee: Dagger            |    64 |   113 |   279 |   210 ||   666
         Bite              |     4 |    15 |    37 |    33 ||    89
         Punch             |     1 |     2 |     5 |     2 ||    10
         Rapier            |       |       |    13 |    85 ||    98
  Throw: Dart              |       |       |     1 |     6 ||     7
 Invoke: Shadow Step       |       |       |       |     1 ||     1
Ability: Exsanguinate      |       |     1 |     1 |     1 ||     3
         End Transformatio |       |       |     4 |       ||     4
         Bat Form          |       |       |     4 |       ||     4
         Revivify          |       |       |     2 |     1 ||     3
    Use: Scroll            |       |     5 |     9 |       ||    14
         Potion            |       |       |     5 |     2 ||     7
   Stab: Sleeping          |     8 |    11 |    43 |    12 ||    74
         Distracted        |       |       |     1 |     4 ||     5
         Invisible         |       |       |     1 |       ||     1
 Armour: Robe              |     8 |    15 |    33 |    27 ||    83
  Dodge: Dodged            |    21 |    40 |   105 |    72 ||   238
  Block: Other             |       |     4 |    37 |    32 ||    73
         Reflection        |       |       |     5 |       ||     5

Table legend: (Time is in decaauts)
 A = Elapsed time spent in this place.
 B = Non-inter-level travel time spent in this place.
 C = Inter-level travel time spent in this place.
 D = Time resting spent in this place.
 E = Time spent auto-exploring this place.
 F = Levels seen in this place.
 G = Mean time per level.
                   A        B        C        D        E       F      G
               +--------+--------+--------+--------+--------+-----+--------+
         Total |  11350 |  11037 |    313 |   1524 |   5437 |  14 |  810.7 |
       Dungeon |   9276 |   9013 |    263 |   1384 |   4460 |   9 | 1030.7 |
        Temple |    321 |    321 |      0 |      0 |    221 |   1 |  321.0 |
  Orcish Mines |   1069 |   1020 |     49 |    137 |    432 |   2 |  534.5 |
   Elven Halls |      1 |      1 |      0 |      0 |      0 |   1 |    1.0 |
         Sewer |    680 |    680 |      0 |      3 |    323 |   1 |  680.0 |
               +--------+--------+--------+--------+--------+-----+--------+

Top non-repeatable levels by time:
     D:9: 1688 daAuts
     D:7: 1355 daAuts
     D:5: 1258 daAuts
     D:6: 1208 daAuts
     D:4: 981 daAuts
     D:8: 774 daAuts
     D:1: 735 daAuts
     D:2: 683 daAuts
   Sewer: 680 daAuts
   Orc:2: 636 daAuts
     D:3: 591 daAuts
   Orc:1: 433 daAuts
  Temple: 321 daAuts
   Elf:1: 1 daAuts
